 Dungeon Crawl Stone Soup version 0.27-a0-1193-g8631133539 (webtiles) character file.

Game seed: 6757179392219509035

179 tsouns the Gusty (level 5, 0/28 HPs)
             Began as a Tengu Air Elementalist on May 26, 2021.
             Was a Believer of Elyvilon.
             Killed from afar by a steam dragon (6 damage)
             ... with a ball of steam
             ... on level 4 of the Dungeon.
             The game lasted 00:05:25 (3434 turns).

tsouns the Gusty (Tengu Air Elementalist)           Turns: 3434, Time: 00:05:26

Health: 0/28       AC:  5    Str:  8    XL:     5   Next: 59%
Magic:  0/10       EV: 14    Int: 16    God:    Elyvilon [**....]
Gold:   164        SH:  0    Dex: 15    Spells: 7/10 levels left

rFire    . . .     SeeInvis .   e - +2 dagger (flame)
rCold    . . .     Faith    .   (no shield)
rNeg     . . .     Spirit   .   a - +0 robe
rPois    .         Reflect  .   (helmet restricted)
rElec    .         Harm     .   l - +2 cloak {Stlth+}
rCorr    .         Rampage  .   (no gloves)
Will     .....                  (boots unavailable)
Stlth    +++.......             (no amulet)
HPRegen  0.09/turn              (no ring)
MPRegen  0.12/turn              (no ring)

@: flying quickly and evasively, quick
A: beak, talons 3, nimble flight
a: Renounce Religion, Lesser Healing, Heal Other, Divine Protection


You were on level 4 of the Dungeon.
You worshipped Elyvilon.
Elyvilon was pleased with you.
You visited 1 branch of the dungeon, and saw 4 of its levels.

You collected 164 gold pieces.

Inventory:

Hand Weapons
 e - a +2 dagger of flaming (weapon)
Armour
 a - a +0 robe (worn)
 l - a +2 cloak of stealth (worn)
 q - a +0 buckler
 r - the +1 leather armour of Cowardice {rC- Will++}
   (You found it on level 4 of the Dungeon)

   It makes you vulnerable to cold.
   It greatly increases your willpower.
Wands
 j - a wand of flame (34)
Scrolls
 b - 2 scrolls of identify {unknown}
 c - a scroll of noise {unknown}
 h - 2 scrolls of amnesia {unknown}
 m - a scroll of magic mapping {unknown}
 n - a scroll of silence {unknown}
Potions
 d - a potion of magic {unknown}
 f - a potion of haste {unknown}
 g - a potion of berserk rage {unknown}
 i - a potion of brilliance {unknown}
 k - a potion of invisibility {unknown}
 o - 3 potions of heal wounds {unknown}
 p - a potion of degeneration {unknown}


   Skills:
 - Level 2.1 Dodging
 - Level 2.0 Stealth
 + Level 3.0 Spellcasting
 + Level 3.5 Conjurations
 * Level 6.4 Air Magic


You had 7 spell levels left.
You knew the following spells:

 Your Spells              Type           Power      Damage    Failure   Level
a - Shock                 Conj/Air       72%        1d7       2%          1
b - Static Discharge      Conj/Air       18%        N/A       3%          2

Your spell library contained the following spells:

 Spells                   Type           Power      Damage    Failure   Level
 Swiftness                Air            22%        N/A       4%          3
 Airstrike                Air            11%        N/A       13%         4
 Beastly Appendage        Tmut           4%         N/A       19%         1
 Wereblood                Tmut           2%         N/A       28%         2
 Spider Form              Tmut/Pois      1%         N/A       50%         3
 Lightning Bolt           Conj/Air       9%         1d21      54%         5
 Ice Form                 Ice/Tmut       2%         N/A       88%         4
 Hydra Form               Tmut           1%         N/A       99%         5


Dungeon Overview and Level Annotations

Branches:
Dungeon (4/15)
 Temple: D:4-7

Altars:
Elyvilon
The Shining One


Innate Abilities, Weirdness & Mutations

You have a beak for a mouth.
You have claws for feet.
Your magical nature lets you fly swiftly and evasively.


Message History

The steam dragon is moderately wounded.
Casting: Shock (safe; 2% risk of failure)
Confirm with . or Enter, or press ? or * to list all spells.
The steam dragon is struck by an arc of lightning!
The steam dragon is heavily wounded.
You are struck by an arc of lightning.
The lightning grounds out.
The steam dragon bites you. The steam dragon closely misses you.
Unknown command.
Unknown command.
Casting: Static Discharge (safe; 3% risk of failure)
Confirm with . or Enter, or press ? or * to list all spells.
The steam dragon is struck by an arc of lightning.
The steam dragon is severely wounded.
The lightning grounds out.
The steam dragon bites you! The steam dragon claws you.
Unknown command.
Unknown command.
Casting: Static Discharge (safe; 3% risk of failure)
Confirm with . or Enter, or press ? or * to list all spells.
Aiming: Shock (safe; 2% risk of failure)
Press: ? - help, Shift-Dir - straight line, f/p - steam dragon
Aim: a steam dragon (severely wounded, 71% to hit)
The zap misses the steam dragon.
The zap hits the steam dragon but does no damage.
The steam dragon is severely wounded.
The steam dragon bites you.
* * * LOW HITPOINT WARNING * * *
The steam dragon claws you but does no damage.
Casting: Shock (safe; 2% risk of failure)
Confirm with . or Enter, or press ? or * to list all spells.
Aiming: Shock (safe; 2% risk of failure)
Press: ? - help, Shift-Dir - straight line, f/p - steam dragon
Aim: a steam dragon (severely wounded, 71% to hit)
The zap hits the steam dragon.
The steam dragon is severely wounded.
The zap hits the steam dragon.
The steam dragon is almost dead.
The steam dragon breathes steam at you. The ball of steam hits you.
You die...

.... .... .
# ### ##.##
#...# ##
##.@.#..#
#..D....#
#.......##
..........##
.......####
.......
.#.....
####.. ...


You could see a steam dragon (catching breath).

Vanquished Creatures
  Crazy Yiuf (D:2)
  An iguana (D:3)
  5 adders
  3 worms
  3 dart slugs
  4 ball pythons
  8 endoplasms
  2 giant cockroaches
  9 goblins
  A hobgoblin (D:2)
  8 jackals
  9 bats
  A frilled lizard (D:2)
  5 kobolds
  6 rats
66 creatures vanquished.

Notes
Turn   | Place    | Note
-------+----------+-------------------------------------------
     0 | D:1      | tsouns the Tengu Air Elementalist began the quest for the
                  | Orb.
     0 | D:1      | Reached XP level 1. HP: 10/10 MP: 4/4
   230 | D:1      | Reached XP level 2. HP: 15/15 MP: 1/6
   480 | D:1      | Learned a level 2 spell: Static Discharge
   880 | D:1      | Reached XP level 3. HP: 19/19 MP: 4/7
   996 | D:1      | Found a faded altar of an unknown god.
  1003 | D:1      | Became a worshipper of Elyvilon the Healer
  1003 | D:1      | Reached * piety under Elyvilon
  1034 | D:2      | Reached skill level 5 in Air Magic
  1778 | D:2      | Reached XP level 4. HP: 21/24 MP: 4/8
  1832 | D:2      | Reached ** piety under Elyvilon
  2290 | D:2      | Found a runed translucent door.
  2291 | D:2      | Noticed Crazy Yiuf
  2298 | D:2      | Killed Crazy Yiuf
  2576 | D:3      | Gained mutation: Your magical nature lets you fly swiftly
                  | and evasively. [Tengu growth]
  2576 | D:3      | Reached XP level 5. HP: 28/28 MP: 8/10
  2610 | D:3      | Reached skill level 6 in Air Magic
  3412 | D:4      | Identified the +1 leather armour of Cowardice {rC- Will++}
  3418 | D:4      | Found a glowing golden altar of the Shining One.
  3422 | D:4      | Noticed a steam dragon
  3434 | D:4      | Killed from afar by a steam dragon

Illustrated notes

Levels and vault maps discovered:
D:1:      lightli_arrival_isolated_outpost, layout_rooms,
          hellmonk_ecumenical_altar_dog_temple, minmay_pentomino_z4
D:2:      layout_loops_cross, uniq_crazy_yiuf_cottage
D:3:      wander_river, layout_basic
D:4:      layout_cave_pools, lemuel_tele_altar, minmay_temple_entry_mist,
          hangedman_abyss_or_decor_passed

Skill      XL: |  1  2  3  4  5 |
---------------+----------------+-----
Conjurations   | 2 3 |  3.5
Air Magic      | 5 6 |  6.4
Spellcasting   | 3 |  3.0
Dodging        | |  2.1
Stealth        | |  2.0

Action                   |  1- 3 |  4- 6 || total
-------------------------+-------+-------++-------
Melee: Unarmed           |     2 |       ||     2
       Kick              |     2 |       ||     2
 Cast: Shock             |    76 |    63 ||   139
       Static Discharge  |     1 |     7 ||     8
Armor: Robe              |     2 |     2 ||     4
Dodge: Dodged            |     8 |     5 ||    13

Table legend: (Time is in decaauts)
 A = Elapsed time spent in this place.
 B = Non-inter-level travel time spent in this place.
 C = Inter-level travel time spent in this place.
 D = Time resting spent in this place.
 E = Time spent auto-exploring this place.
 F = Levels seen in this place.
 G = Mean time per level.
                   A        B        C        D        E       F      G
               +--------+--------+--------+--------+--------+-----+--------+
         Total |   3388 |   3303 |     85 |      0 |   2958 |   4 |  847.0 |
       Dungeon |   3388 |   3303 |     85 |      0 |   2958 |   4 |  847.0 |
               +--------+--------+--------+--------+--------+-----+--------+

Top non-repeatable levels by time:
     D:2: 1390 daAuts
     D:1: 1023 daAuts
     D:3: 929 daAuts
     D:4: 44 daAuts
